 Dungeon Crawl Stone Soup version 0.29-a0-82-g837932c90e (webtiles) character file.

Game seed: 14189270875012816250

517 enile the Nimble (level 7, 0/51 HPs)
             Began as a Gnoll Wanderer on Feb 5, 2022.
             Was a Believer of Ru.
             Slain by a nameless horror (7 damage)
             ... created by miscasting Call Canine Familiar
             ... on level 4 of the Dungeon.
             The game lasted 00:06:30 (4330 turns).

enile the Nimble (Gnoll Wanderer)                   Turns: 4330, Time: 00:06:31

Health: 0/51       AC:  5    Str: 12    XL:     7   Next: 20%
Magic:  12/15      EV: 10    Int: 13    God:    Ru [**....]
Gold:   45         SH: 12    Dex: 11    Spells: 13/17 levels left

rFire   + . .      SeeInvis .   s - +1 whip (venom)
rCold   . . .      Faith    .   y - +0 tower shield {rF+}
rNeg    . . .      Spirit   .   c - +2 leather armour
rPois   .          Reflect  .   (no helmet)
rElec   .          Harm     .   (no cloak)
rCorr   .          Rampage  .   (no gloves)
Will    .....                   (no boots)
Stlth   ++........              (no amulet)
HPRegen 0.17/turn               (no ring)
MPRegen 0.14/turn               (no ring)

@: lethally poisoned (0 -> -3), very slightly contaminated
A: fangs 1, no air magic, no necromancy magic, no transmutations magic,
weak-willed 1, strong nose, distributed training
a: Renounce Religion


You were on level 4 of the Dungeon.
You worshipped Ru.
Ru was pleased with you.
You visited 1 branch of the dungeon, and saw 4 of its levels.

You collected 232 gold pieces.
You spent 187 gold pieces at shops.

Inventory:

Hand Weapons
 a - a +0 dagger
 k - a +2 dagger of venom
 n - a +0 war axe
 p - a +0 vorpal long sword
 s - a +1 whip of venom (weapon)
Missiles
 d - 6 poisoned darts
 h - 3 silver javelins
 r - 9 boomerangs
Armour
 b - a +0 buckler
 c - a +2 leather armour (worn)
 o - an orb of energy
 y - a +0 tower shield of fire resistance (worn)
Jewellery
 u - an amulet of regeneration
Wands
 v - a wand of flame (5)
 A - a wand of iceblast (11)
Scrolls
 e - a scroll of enchant weapon {unknown}
 f - a scroll of magic mapping {unknown}
 q - 2 scrolls of identify {unknown}
 t - 2 scrolls of teleportation {unknown}
 w - a scroll of fog {unknown}
 x - a scroll of immolation {unknown}
 B - a scroll of amnesia {unknown}
Potions
 i - 5 potions of curing
 j - a potion of ambrosia {unknown}
 l - 2 potions of heal wounds {unknown}
 m - a potion of attraction {unknown}
 z - a potion of flight {unknown}


   Skills:
 + Level 2.3 Fighting
 + Level 2.3 Short Blades
 + Level 2.3 Long Blades
 + Level 2.3 Axes
 + Level 2.3 Maces & Flails
 + Level 2.3 Polearms
 + Level 2.3 Staves
 + Level 2.3 Slings
 + Level 2.3 Bows
 + Level 2.3 Crossbows
 + Level 2.3 Throwing
 + Level 2.3 Armour
 + Level 8.9 Dodging
 + Level 2.3 Stealth
 + Level 3.5 Shields
 + Level 2.3 Unarmed Combat
 + Level 5.5 Spellcasting
 + Level 1.9 Conjurations
 + Level 1.9 Hexes
 + Level 1.9 Summonings
   Level 0.0 Necromancy
 + Level 1.9 Translocations
   Level 0.0 Transmutations
 + Level 1.9 Fire Magic
 + Level 1.9 Ice Magic
   Level 0.0 Air Magic
 + Level 1.9 Earth Magic
 + Level 1.9 Poison Magic
 + Level 2.6 Invocations
 + Level 7.0 Evocations


You had 13 spell levels left.
You knew the following spells:

 Your Spells              Type           Power      Damage    Failure   Level
a - Summon Small Mammal   Summ           32%        N/A       78%         1
b - Call Canine Familiar  Summ           8%         N/A       98%         3

Your spell library contained the following spells:

 Spells                   Type           Power      Damage    Failure   Level
 Apportation              Tloc           16%        N/A       78%         1
 Animate Skeleton         Necr           Unusable   N/A       N/A         1

Dungeon Overview and Level Annotations

Branches:
Dungeon (4/15)
 Temple: D:4-7

Altars:
Dithmenos
Nemelex Xobeh
Qazlal
Ru
Sif Muna
Uskayaw

Shops:
D:4 *

Annotations:
D:4 Crazy Yiuf


Innate Abilities, Weirdness & Mutations

You have very sharp teeth.
You cannot study or cast Air magic.
You cannot study or cast Necromancy magic.
You cannot study or cast Transmutations magic.
You are slightly weak-willed. (Will-)
Your uncanny sense of smell can sniff out nearby items.
Your experience applies equally to all skills.


Message History

Crazy Yiuf cries, "Earwax canine Hive!"
You block Crazy Yiuf's attack.
You barely miss Crazy Yiuf.
Crazy Yiuf is lightly wounded.
You block Crazy Yiuf's attack. Crazy Yiuf closely misses you.
Crazy Yiuf twirls on the spot.
Casting: Call Canine Familiar (extremely dangerous; 98% risk of failure)
Confirm with . or Enter, or press ? or * to list all spells.
Crazy Yiuf hits you with a +3 quarterstaff of chaos.
Crazy Yiuf hits you with a +3 quarterstaff of chaos!
You are poisoned.
You swap places.
You feel very sick.
Your bat closely misses Crazy Yiuf.
Your bat hits Crazy Yiuf but does no damage.
Your bat misses Crazy Yiuf.
Crazy Yiuf hits your bat with a +3 quarterstaff of chaos!
Your bat dies!
Your bat's corpse disappears in a puff of smoke!
You feel very sick.
Crazy Yiuf laughs, "Announcement dark canine!"
You feel very sick.
You feel very sick.
Casting: Summon Small Mammal (safe; 78% risk of failure)
Confirm with . or Enter, or press ? or * to list all spells.
You miscast Call Canine Familiar.
You are very lightly contaminated with residual magic.
Desperate hands claw out at you.
A nameless horror comes into view.
You feel sick.
You feel sick.
You feel sick.
You feel sick.
Crazy Yiuf laughs, "Whippet ladder shrimp!"
As you read the scroll labelled AXKIEB VEST, it crumbles to dust.
Your body is wracked with pain!
* * * LOW HITPOINT WARNING * * *
Crazy Yiuf convulses!
It was a scroll of torment.
You feel sick. The nameless horror hits you!
You die...

#.....##########.............#
#.............##.......#######
#.............##########
#.............#
#.####........#
#.####........####♣♣ ###
..............#.#.P♣♣ ♣♣#..)#
.......###.........P♣♣♣♣.'...#
.......# #......@X.P.♣.g♣#...#
.......###......#..g♣.♣♣♣ ###
#...#....'......##♣♣♣♣♣
#.#.#.####......#
#.#.#.#.........#
#.#.#.#.#.......#
#...#.#.#.......#
#.#.#.#.#.#####.# #.#.#.#.#.#
#.#


You could see a nameless horror and Crazy Yiuf (poisoned).

Vanquished Creatures
  Menkaure (D:4)
  A phantom (D:3)
  A scorpion (D:4)
  2 iguanas (D:4)
  A hound skeleton (D:4)
  Robin (D:4)
  3 adders
  An adder skeleton (D:4)
  2 dart slugs
  4 ball pythons
  5 endoplasms
  A giant cockroach (D:2)
  12 goblins
  9 hobgoblins
  8 kobolds
  4 quokkas
  4 bats
  A frilled lizard (D:2)
  A rat (D:1)
62 creatures vanquished.

Vanquished Creatures (collateral kills)
  A black bear (D:4)
  An endoplasm (D:1)
  A kobold (D:1)
  A rat (D:1)
4 creatures vanquished.

Grand Total: 66 creatures vanquished

Notes
Turn   | Place    | Note
-------+----------+-------------------------------------------
     0 | D:1      | enile the Gnoll Wanderer began the quest for the Orb.
     0 | D:1      | enile set off with the following items: a +0 dagger, a +0
                  | buckler, a +2 leather armour; and the following spell
                  | memorised: Summon Small Mammal; and the following spells
                  | available to memorise: Call Canine Familiar
     0 | D:1      | Reached XP level 1. HP: 13/13 MP: 6/6
   184 | D:1      | Reached XP level 2. HP: 16/19 MP: 4/7
   457 | D:1      | Found a faded altar of an unknown god.
   467 | D:1      | Prayed at the altar of an unknown god.
   467 | D:1      | Became a worshipper of Ru the Awakened
   489 | D:1      | Gained mutation: You cannot study or cast Air magic. [Ru
                  | sacrifice]
   489 | D:1      | Gained mutation: You cannot study or cast Transmutations
                  | magic. [Ru sacrifice]
   489 | D:1      | Gained mutation: You cannot study or cast Necromancy magic.
                  | [Ru sacrifice]
   489 | D:1      | Reached * piety under Ru
  1522 | D:2      | Found a hide-covered altar of Uskayaw.
  1656 | D:2      | Reached XP level 3. HP: 25/25 MP: 9/9
  1722 | D:2      | Reached skill level 5 in Spellcasting
  1861 | D:2      | Reached skill level 1 in Invocations
  1864 | D:2      | Reached skill level 1 in Fighting
  1864 | D:2      | Reached skill level 1 in Short Blades
  1864 | D:2      | Reached skill level 1 in Long Blades
  1864 | D:2      | Reached skill level 1 in Axes
  1864 | D:2      | Reached skill level 1 in Maces & Flails
  1864 | D:2      | Reached skill level 1 in Polearms
  1864 | D:2      | Reached skill level 1 in Staves
  1864 | D:2      | Reached skill level 1 in Slings
  1864 | D:2      | Reached skill level 1 in Bows
  1864 | D:2      | Reached skill level 1 in Crossbows
  1864 | D:2      | Reached skill level 1 in Throwing
  1864 | D:2      | Reached skill level 1 in Armour
  1864 | D:2      | Reached skill level 1 in Stealth
  1864 | D:2      | Reached skill level 1 in Unarmed Combat
  2300 | D:3      | Found a shadowy altar of Dithmenos.
  2446 | D:3      | Reached XP level 4. HP: 32/32 MP: 11/11
  2522 | D:3      | Noticed a phantom
  2538 | D:3      | Killed a phantom
  2539 | D:3      | Reached skill level 1 in Conjurations
  2539 | D:3      | Reached skill level 1 in Hexes
  2539 | D:3      | Reached skill level 1 in Summonings
  2539 | D:3      | Reached skill level 1 in Translocations
  2539 | D:3      | Reached skill level 1 in Fire Magic
  2539 | D:3      | Reached skill level 1 in Ice Magic
  2539 | D:3      | Reached skill level 1 in Earth Magic
  2539 | D:3      | Reached skill level 1 in Poison Magic
  2539 | D:3      | Reached XP level 5. HP: 23/37 MP: 12/12
  2693 | D:3      | Found a sparkling altar of Nemelex Xobeh.
  2888 | D:4      | Found a stormy altar of Qazlal.
  2899 | D:4      | Noticed Robin
  2942 | D:4      | Killed Robin
  3239 | D:4      | Gained mutation: You are slightly weak-willed. (Will-) [Ru
                  | sacrifice]
  3239 | D:4      | Reached ** piety under Ru
  3255 | D:4      | Learned a level 3 spell: Call Canine Familiar
  3381 | D:4      | Noticed Menkaure
  3394 | D:4      | Killed Menkaure
  3395 | D:4      | Reached XP level 6. HP: 8/44 MP: 12/14
  3752 | D:4      | Found a runed translucent door.
  3753 | D:4      | Noticed Crazy Yiuf
  3809 | D:4      | Found Qila's Assorted Antiques.
  3813 | D:4      | Noticed a black bear
  3827 | D:4      | Killed a black bear
  3837 | D:4      | Reached XP level 7. HP: 50/50 MP: 10/15
  3873 | D:4      | Bought a glowing tower shield for 187 gold pieces
  4270 | D:4      | Found a shimmering blue altar of Sif Muna.
  4326 | D:4      | Noticed a nameless horror
  4330 | D:4      | Slain by a nameless horror

Illustrated notes

Levels and vault maps discovered:
D:1:      amcnicky_arrival_single_pillar, layout_basic,
          hellmonk_ecumenical_altar_heavens_door, grunt_decor_cap,
          minmay_pentomino_u4
D:2:      layout_loops_cross, basic_altar
D:3:      layout_rooms, mainiacjoe_overflow_alcove_4, mainiacjoe_overflow_paths
D:4:      layout_basic, lemuel_blue_sif_altar,
          mainiacjoe_overflow_small_starburst, serial_shops,
          nicolae_diamond_shop, chequers_garden, uniq_menkaure,
          uniq_crazy_yiuf_cottage, uniq_robin

Skill      XL: |  1  2  3  4  5  6  7 |
---------------+----------------------+-----
Spellcasting   | 5 |  5.5
Invocations    | 1 2 |  2.6
Fighting       | 1 2 |  2.3
Short Blades   | 1 2 |  2.3
Long Blades    | 1 2 |  2.3
Axes           | 1 2 |  2.3
Maces & Flails | 1 2 |  2.3
Polearms       | 1 2 |  2.3
Staves         | 1 2 |  2.3
Slings         | 1 2 |  2.3
Bows           | 1 2 |  2.3
Crossbows      | 1 2 |  2.3
Throwing       | 1 2 |  2.3
Armour         | 1 2 |  2.3
Stealth        | 1 2 |  2.3
Unarmed Combat | 1 2 |  2.3
Conjurations   | 1 |  1.9
Hexes          | 1 |  1.9
Summonings     | 1 |  1.9
Translocations | 1 |  1.9
Fire Magic     | 1 |  1.9
Ice Magic      | 1 |  1.9
Earth Magic    | 1 |  1.9
Poison Magic   | 1 |  1.9
Shields        | 3 |  3.5
Evocations     | 7 |  7.0
Dodging        | |  8.9

Action                   |  1- 3 |  4- 6 |  7- 9 || total
-------------------------+-------+-------+-------++-------
Melee: Dagger            |   126 |       |       ||   126
       Bite              |    11 |     9 |     1 ||    21
       War axe           |    15 |    10 |       ||    25
       Long sword        |       |    11 |       ||    11
       Whip              |       |    62 |    17 ||    79
 Cast: Summon Small Mamm |    14 |     9 |     1 ||    24
       Call Canine Famil |       |     1 |       ||     1
Invok: Sacrifice Arcana  |     1 |       |       ||     1
       Sacrifice Essence |       |     1 |       ||     1
Evoke: Wand              |       |     3 |       ||     3
  Use: Potion            |       |     3 |       ||     3
       Scroll            |       |       |     1 ||     1
 Stab: Sleeping          |     1 |     1 |     1 ||     3
       Distracted        |       |     1 |       ||     1
Armor: Leather armour    |    28 |    19 |     3 ||    50
       Skin              |       |    15 |       ||    15
Dodge: Dodged            |    94 |    54 |     5 ||   153
Block: Buckler           |    33 |    20 |       ||    53
       Tower shield      |       |       |     9 ||     9

Table legend: (Time is in decaauts)
 A = Elapsed time spent in this place.
 B = Non-inter-level travel time spent in this place.
 C = Inter-level travel time spent in this place.
 D = Time resting spent in this place.
 E = Time spent auto-exploring this place.
 F = Levels seen in this place.
 G = Mean time per level.
                   A        B        C        D        E       F      G
               +--------+--------+--------+--------+--------+-----+--------+
         Total |   4358 |   4165 |    193 |      0 |   3519 |   4 | 1089.5 |
       Dungeon |   4358 |   4165 |    193 |      0 |   3519 |   4 | 1089.5 |
               +--------+--------+--------+--------+--------+-----+--------+

Top non-repeatable levels by time:
     D:1: 1524 daAuts
     D:4: 1478 daAuts
     D:3: 695 daAuts
     D:2: 659 daAuts
